 Dungeon Crawl Stone Soup version 0.28.0-53-g5a82cb258f (webtiles) character file.

Game seed: 3444254168341592234

111850 jjjjhere the Devastator (level 16, -2/106 (126) HPs)
             Began as a Hill Orc Fire Elementalist on Aug 13, 2022.
             Was the Champion of Ru.
             Constricted to death by a tentacled monstrosity (7 damage)
             ... on level 3 of the Swamp.
             The game lasted 01:14:27 (48002 turns).

jjjjhere the Devastator (HOFE)                     Turns: 48002, Time: 01:14:28

HP:   -2/106 (126)  AC: 10    Str: 13    XL:     16   Next: 58%
MP:   6/28          EV:  9    Int: 23    God:    Ru [******]
Gold: 1985          SH:  0    Dex: 14    Spells: 6/38 levels left

rFire   . . .      SeeInvis .   n - +9 hunting sling of Daihye {flame, rC+ Int+2}
rCold   + . .      Faith    .   (shield unavailable)
rNeg    . . .      Spirit   .   a - +1 robe {Archmagi}
rPois   +          Reflect  .   D - +1 hat
rElec   .          Harm     .   Q - +0 cloak of Analysis {+Blink Dex+3}
rCorr   .          Rampage  .   S - +2 pair of gloves
Will    +....      Archmagi +   E - +0 pair of boots
Stlth   ..........              x - amulet of the acrobat
HPRegen 0.27/turn               (ring unavailable)
MPRegen 0.21/turn               b - ring of poison resistance

@: exhausted, hasted, constricted, heavily drained, quick
A: low MP 1, missing a hand, no stealth, inability to use devices
a: Renounce Religion, Draw Out Power, Power Leap, Apocalypse


You were on level 3 of the Swamp.
You worshipped Ru.
Ru was exalted by your worship.
You visited 5 branches of the dungeon, and saw 27 of its levels.

You collected 2672 gold pieces.
You spent 687 gold pieces at shops.

Inventory:

Hand Weapons
 n - the +9 hunting sling of Daihye (weapon) {flame, rC+ Int+2}
   (You found it on level 3 of the Dungeon)

   Any ammunition fired from it burns those it strikes, dealing additional fire
   damage.
   Int:       It affects your intelligence (+2).
   rC:        It protects you from cold.
 y - the +9 rapier of Inomyfem {distort, Str+2}
   (You took it off a kobold brigand on level 6 of the Dungeon)

   It warps and distorts space around it, and may blink, banish, or inflict
   extra damage upon those it strikes.
   Unwielding it can cause banishment or high damage.
   Str:       It affects your strength (+2).
 I - the +5 flail of Kemohuosh {flame, rPois MP+9 Str-5}
   (You found it on level 8 of the Dungeon)

   It burns those it strikes, dealing additional fire damage.
   Str:       It affects your strength (-5).
   rPois:     It protects you from poison.
   MP:        It affects your magic capacity (+9).
Missiles
 o - 553 stones (quivered ammo)
 C - 11 curare-tipped darts
 L - 4 atropa-tipped darts
Armour
 a - a +1 robe of the Archmagi (worn)
 A - +0 steam dragon scales
 D - a +1 hat (worn)
 E - a +0 pair of boots (worn)
 J - a +0 hat of stealth
 Q - the +0 cloak of Analysis (worn) {+Blink Dex+3}
   (You acquired it on level 14 of the Dungeon)

   Dex:       It affects your dexterity (+3).
   +Blink:    It lets you blink.
 S - a +2 pair of gloves (worn)
Magical Staves
 F - a staff of death
Jewellery
 b - a ring of poison resistance (right hand)
 c - a ring of protection from cold
 f - a +4 ring of protection
 t - an amulet of guardian spirit
 x - an amulet of the acrobat (around neck)
Scrolls
 d - 5 scrolls of enchant weapon
 g - a scroll of holy word
 s - 3 scrolls of magic mapping
 u - 9 scrolls of teleportation
 v - 3 scrolls of amnesia
 w - 7 scrolls of vulnerability
 z - 11 scrolls of identify
 B - a scroll of brand weapon {unknown}
 G - a scroll of silence
 K - 2 scrolls of fear
 O - 2 scrolls of blinking
 P - a scroll of summoning
Potions
 e - 9 potions of attraction
 h - 5 potions of brilliance
 i - 3 potions of mutation
 l - 4 potions of invisibility
 m - 3 potions of flight
 p - 2 potions of heal wounds
 q - 2 potions of curing
 r - 2 potions of might
 H - 3 potions of haste
 M - 6 potions of ambrosia
 N - 2 potions of lignification
 R - a potion of magic


   Skills:
 - Level 7.2 Fighting
 - Level 9.3 Slings
 - Level 6.3 Armour
 - Level 1.5 Dodging
 + Level 11.6 Spellcasting
 + Level 16.0 Conjurations
 + Level 7.8 Summonings
 - Level 11.5 Fire Magic
 - Level 9.0 Earth Magic


You had 6 spell levels left.
You knew the following spells:

 Your Spells              Type           Power      Damage    Failure   Level
a - Foxfire               Conj/Fire      100%       2x1d9     0%          1
b - Scorch                Fire           100%       2d10      1%          2
c - Flame Wave            Conj/Fire      86%        2d15      1%          4
d - Starburst             Conj/Fire      43%        6d12      2%          6
e - Iskenderun's Mystic   Conj/Tloc      66%        2d14      1%          4
f - Spellforged Servitor  Conj/Summ      40%        N/A       30%         7
u - Iron Shot             Conj/Erth      41%        9d8       4%          6
F - Blink                 Tloc           40%        N/A       7%          2

Your spell library contained the following spells:

 Spells                   Type           Power      Damage    Failure   Level
 Magic Dart               Conj           100%       1d8       0%          1
 Call Imp                 Summ           65%        N/A       1%          2
 Conjure Flame            Conj/Fire      86%        6-21      1%          3
 Dazzling Flash           Conj/Hex       100%       N/A       1%          3
 Inner Flame              Hex/Fire       56%        N/A       1%          3
 Mephitic Cloud           Conj/Pois/Air  54%        N/A       1%          3
 Animate Armour           Summ/Erth      100%       N/A       1%          4
 Iskenderun's Battlesphe  Conj           92%        2d14      1%          5
 Ignite Poison            Fire/Tmut/Pois 46%        N/A       3%          3
 Lee's Rapid Deconstruct  Erth           35%        3d19*     3%          5
 Beastly Appendage        Tmut           40%        N/A       4%          1
 Slow                     Hex            80%        N/A       4%          1
 Corpse Rot               Necr/Air       40%        N/A       7%          2
 Poisonous Vapours        Pois/Air       40%        N/A       7%          2
 Wereblood                Tmut           20%        N/A       7%          2
 Leda's Liquefaction      Hex/Erth       25%        N/A       8%          4
 Confusing Touch          Hex            20%        N/A       14%         3
 Lesser Beckoning         Tloc           20%        N/A       14%         3
 Ozocubu's Armour         Ice            20%        N/A       14%         3
 Spider Form              Tmut/Pois      20%        N/A       14%         3
 Vampiric Draining        Necr           20%        2d7       14%         3
 Freezing Cloud           Conj/Ice/Air   27%        6-21      14%         5
 Summon Forest            Summ/Tloc      23%        N/A       26%         5
 Conjure Ball Lightning   Conj/Air       33%        3x3d11    26%         6
 Cause Fear               Hex            10%        N/A       43%         4
 Statue Form              Tmut/Erth      33%        N/A       75%         6
 Agony                    Necr           20%        N/A       78%         5
 Blade Hands              Tmut           10%        N/A       78%         5
 Manifold Assault         Tloc           20%        N/A       78%         5
 Silence                  Hex/Air        10%        N/A       78%         5
 Dispersal                Tloc           10%        N/A       100%        6
 Storm Form               Tmut/Air       10%        N/A       100%        7
 Discord                  Hex            10%        N/A       100%        8
 Disjunction              Tloc           10%        N/A       100%        8


Dungeon Overview and Level Annotations

Branches:
Dungeon (15/15) Temple (1/1) D:4 Lair (6/6) D:10 Swamp (2/4) Lair:4 Spider (0/4) Lair:4 Slime (0/5) Lair:6 Orc (2/2) D:9 Elf (0/3) Orc:2 Vaults (0/5) D:12 D:13 D:14 Depths (0/4) D:15

Altars:
Ashenzari
Cheibriados
Dithmenos
Elyvilon
Fedhas
Gozag
Hepliaklqana
Kikubaaqudgha
Makhleb
Okawaru
Qazlal
Ru
Sif Muna
Trog
Uskayaw
Vehumet
Wu Jian
Xom
Yredelemnul
Zin
The Shining One
Beogh
Jiyva
Lugonu

Shops:
D:14 ?   D:15 ?   Orc:2 ((([

Portals:
Abyss: D:6

Annotations:
Swamp:1 2 transporters


Innate Abilities, Weirdness & Mutations

Your magical capacity is low. (-10% MP)
You are missing a hand.
You cannot be stealthy.
You cannot study or use magical devices.


Message History

As you read the scroll of magic mapping, it crumbles to dust.
You feel aware of your surroundings.
You sensed 1 altar.
You enter the shallow water.
Moving in this stuff is going to be slow.
You enter the shallow water.
Moving in this stuff is going to be slow.
Okay, then.
Fire: 554 stones
Press: ? - help, Q - select action, (/) - cycle Shift-Dir - straight line, f/p - tentacled monstrosity
Aim: a tentacled monstrosity (heavily wounded, 85% to hit)
You shoot a stone.
The stone hits the tentacled monstrosity.
The tentacled monstrosity is heavily wounded.
You hear a splash.
You enter the shallow water.
Moving in this stuff is going to be slow.
Okay, then.
You cannot evoke magical items.
You feel yourself speed up.
You enter the shallow water.
Moving in this stuff is going to be slow.
The tentacled monstrosity completely misses you.
The tentacled monstrosity tentacle-slaps you. x2
The tentacled monstrosity grabs you.
The tentacled monstrosity constricts you.
The tentacled monstrosity's grasp on you weakens, but your attempt to escape fails.
The tentacled monstrosity tentacle-slaps you! x2
* * * LOW HITPOINT WARNING * * *
The tentacled monstrosity tentacle-slaps you but does no damage.
The tentacled monstrosity constricts you.
* * * LOW HITPOINT WARNING * * *
The tentacled monstrosity's grasp on you weakens, but your attempt to escape fails.
The tentacled monstrosity tentacle-slaps you!
* * * LOW HITPOINT WARNING * * *
The tentacled monstrosity completely misses you.
The tentacled monstrosity tentacle-slaps you.
* * * LOW HITPOINT WARNING * * *
The tentacled monstrosity constricts you!
You die...

≈,≈******,,****
≈,**,≈≈***,≈,≈*
≈≈**,,,**,,≈,**
,≈*≈,****,,,**
,≈**≈≈,≈**≈≈**
,****≈,,**,,≈*♣♣♣ **
*≈,,,,,≈*♣♣.♣♣
********,****♣§..♣
**,***^*** ♣♣X@♣♣ *,,,,,,,**
♣♣....♣ ,,,,≈,,,,* ♣..≈..♣
,*,≈≈≈_*,* ♣..≈..♣
,,,,≈,,,,***♣♣.≈≈≈♣♣♣♣
*,,,,,,,**,≈.♣..≈.≈♣≈♣♣♣
**,***,**,......(≈≈.≈.≈♣♣*♣
********≈.≈.≈≈.....♣..≈.♣.♣♣
*,≈≈,,,,≈....≈......≈....≈.♣


You could see a tentacled monstrosity.

Vanquished Creatures
  Rupert (D:13)
  Gastronok (Lair:3)
  A thorn hunter (Swamp:2)
  Donald (Lair:4)
  An orc warlord (Orc:2)
  Aizul (Swamp:1)
  2 eleionomae
  A minotaur (D:15)
  2 bunyips
  A yaktaur captain (D:13)
  2 ogre magi (D:15)
  A rakshasa (D:15)
  4 boulder beetles
  7 hydras
  4 centaur warriors
  A ghost crab (Swamp:2)
  3 catoblepae (Lair:6)
  13 two-headed ogres
  2 death knights (D:13)
  A deep troll earth mage (D:13)
  10 death yaks
  2 alligators
  4 orc high priests (Orc:2)
  A tengu warrior (D:14)
  Sonja (Lair:3)
  Urug (D:10)
  A fire crab (shapeshifter) (D:15)
  4 skeletal warriors
  A fire crab (Lair:3)
  A bog body (Swamp:1)
  A spriggan druid (Swamp:3)
  A glowing orange brain (D:15)
  2 goliath frogs
  5 orc knights
  A phantasmal warrior (D:13)
  Pikel (D:6)
  3 deep elf pyromancers
  4 orc sorcerers (Orc:2)
  7 ugly things (D:15)
  4 will-o-the-wisps (Swamp:1)
  6 cyclopes
  5 manticores
  2 black mambas
  A black mamba (shapeshifter) (D:14)
  6 elephants
  A rime drake (Lair:3)
  2 unseen horrors
  8 cane toads
  A freezing wraith (D:14)
  A kobold demonologist (D:11)
  10 komodo dragons
  3 polar bears (Lair:6)
  5 trolls
  2 hornets
  3 meliai (D:15)
  A queen bee (Lair:3)
  3 blink frogs (Lair:3)
  5 tyrant leeches
  15 slime creatures
  3 vampires
  4 wraiths
  2 wyverns (D:10)
  3 shadows (D:9)
  A spriggan (Swamp:3)
  70 yaks
  9 vampire mosquitoes
  16 humans
  A steam dragon (D:6)
  7 basilisks
  2 two-headed ogre zombies (D:9)
  5 swamp worms
  An acid dragon (D:9)
  9 water moccasins
  48 orc warriors
  An ice beast (D:6)
  A black bear (D:8)
  2 sky beasts (D:7)
  A hornet zombie (D:7)
  13 ogres
  11 wolves
  A lemure (D:6)
  15 centaurs
  A phantom (D:5)
  3 kobold brigands
  10 bullfrogs
  A gnoll sergeant (D:5)
  3 scorpions (D:5)
  3 troll zombies (D:9)
  36 killer bees
  An electric eel (Lair:4)
  A howler monkey (D:6)
  A jelly (D:6)
  A hound (D:5)
  6 centaur zombies
  A bullfrog zombie (D:7)
  27 orc priests
  2 bullfrog skeletons
  Terence (D:2)
  4 iguanas
  18 orc wizards
  A scorpion zombie (D:5)
  Natasha (thrice) (D:2 D:1)
  2 killer bee zombies
  3 ogre zombies (D:9)
  A hound skeleton (D:5)
  6 howler monkey zombies
  5 gnolls (D:5)
  2 adders (D:6)
  2 shadow imps
  2 ufetubi
  2 worms
  4 dart slugs
  87 orcs
  3 bats (D:1)
  2 endoplasms
  2 giant cockroaches
  4 goblins
  7 hobgoblins
  3 quokkas (D:1)
  2 ball pythons
  4 frilled lizards
  4 goblin zombies (D:9)
  3 hobgoblin zombies (D:9)
  6 kobolds
  An orc skeleton (D:9)
  17 orc zombies (D:9)
  4 rats
  A briar patch (Swamp:2)
  A bush (Lair:2)
715 creatures vanquished.

Vanquished Creatures (others)
  A death yak (Lair:6)
  A tengu warrior (D:14)
  An orc sorcerer (Orc:2)
  A black mamba (Lair:1)
  A tyrant leech (Swamp:3)
  A polar bear (shapeshifter) (D:14)
  A spriggan (Swamp:3)
  2 yaks
  An orc warrior (Orc:2)
  225 foxfires
  32 fungi
  30 plants
297 creatures vanquished.

Grand Total: 1012 creatures vanquished

Notes
Turn   | Place    | Note
-------+----------+-------------------------------------------
     0 | D:1      | jjjjhere the Hill Orc Fire Elementalist began the quest for
                  | the Orb.
     0 | D:1      | Reached XP level 1. HP: 14/14 MP: 3/3
   425 | D:1      | Reached XP level 2. HP: 20/20 MP: 0/4
   911 | D:1      | Learned a level 2 spell: Scorch
  1277 | D:2      | Noticed Natasha
  1285 | D:2      | Noticed a crimson imp
  1296 | D:2      | Killed Natasha
  1297 | D:2      | Reached skill level 2 in Conjurations
  1297 | D:2      | Reached XP level 3. HP: 16/26 MP: 0/5
  1570 | D:2      | Noticed Natasha
  1594 | D:2      | Killed Natasha
  1595 | D:2      | Reached XP level 4. HP: 33/33 MP: 1/6
  1658 | D:2      | Found a faded altar of an unknown god.
  1820 | D:2      | Noticed Terence
  1849 | D:2      | Noticed Natasha
  1864 | D:1      | Killed Natasha
  1865 | D:1      | Reached skill level 5 in Fire Magic
  2098 | D:2      | Killed Terence
  2099 | D:2      | Reached XP level 5. HP: 28/38 MP: 0/7
  2431 | D:3      | Found a broken altar of Ashenzari.
  2537 | D:3      | HP: 6/38 [orc priest/divine providence (15)]
  3120 | D:3      | Identified the +9 hunting sling of Daihye {flame, rC+
                  | Int+2}
  3770 | D:3      | Reached skill level 3 in Conjurations
  3932 | D:3      | Reached XP level 6. HP: 45/45 MP: 3/8
  4219 | D:4      | Learned a level 4 spell: Flame Wave
  4381 | D:4      | Found a staircase to the Ecumenical Temple.
  4405 | Temple   | Entered the Ecumenical Temple
  4801 | D:5      | Entered Level 5 of the Dungeon
  5149 | D:5      | Reached skill level 4 in Conjurations
  5149 | D:5      | Reached XP level 7. HP: 50/50 MP: 9/9
  5453 | D:5      | Found a burning altar of Makhleb.
  5453 | D:5      | Noticed a blizzard demon
  5456 | D:5      | Noticed an orange demon
  5456 | D:5      | Noticed a ynoxinul
  5681 | D:6      | Found a white marble altar of Elyvilon.
  5781 | D:6      | Found a snail-covered altar of Cheibriados.
  5785 | D:6      | Noticed a steam dragon
  5790 | D:6      | HP: 14/50 [something/ball of steam (26)]
  5792 | D:6      | Killed a steam dragon
  5793 | D:6      | Reached skill level 1 in Fighting
  5793 | D:6      | Reached skill level 1 in Armour
  5793 | D:6      | Reached skill level 5 in Conjurations
  5793 | D:6      | Reached XP level 8. HP: 17/59 MP: 7/10
  6155 | D:6      | Found an opulent altar of Gozag.
  6160 | D:6      | Found a shimmering blue altar of Sif Muna.
  6160 | D:6      | Found a sacrificial altar of Ru.
  6160 | D:6      | Found a glowing silver altar of Zin.
  6166 | D:6      | Became a worshipper of Ru the Awakened
  6576 | D:6      | Found a blossoming altar of Fedhas.
  6611 | D:6      | Found a radiant altar of Vehumet.
  6627 | D:6      | Found a large runed translucent door.
  6627 | D:6      | Found a large runed translucent door.
  6627 | D:6      | Found a corrupted altar of Lugonu.
  6792 | D:6      | Found a one-way gate to the infinite horrors of the Abyss.
  6792 | D:6      | Identified the +9 rapier of Inomyfem {distort, Str+2}
  6875 | D:6      | Noticed Pikel
  6901 | D:6      | Killed Pikel
  6902 | D:6      | Reached skill level 6 in Conjurations
  6902 | D:6      | Reached XP level 9. HP: 53/71 MP: 1/11
  7646 | D:7      | Reached skill level 5 in Fighting
  7655 | D:7      | Gained mutation: You cannot be stealthy. [Ru sacrifice]
  8068 | D:7      | Reached skill level 5 in Armour
  8418 | D:7      | Reached skill level 7 in Conjurations
  8606 | D:7      | Noticed a hornet
  8610 | D:7      | Killed a hornet
  8611 | D:7      | Reached skill level 10 in Fire Magic
  8854 | D:8      | Found a hazy altar of Hepliaklqana.
  8910 | D:8      | Reached XP level 10. HP: 66/83 MP: 3/12
  9131 | D:8      | Identified the +5 flail of Kemohuosh {flame, rPois MP+9
                  | Str-5}
 10173 | D:9      | Found a basalt altar of Yredelemnul.
 10345 | D:9      | Reached skill level 8 in Conjurations
 10445 | D:9      | Reached skill level 1 in Slings
 10599 | D:9      | Found a staircase to the Orcish Mines.
 10662 | D:9      | Gained mutation: You are missing a hand. [Ru sacrifice]
 10662 | D:9      | Reached * piety under Ru
 10662 | D:9      | Reached ** piety under Ru
 10662 | D:9      | Reached *** piety under Ru
 11216 | D:10     | Entered Level 10 of the Dungeon
 11216 | D:10     | Noticed Urug
 11225 | D:10     | Killed Urug
 11226 | D:10     | Reached XP level 11. HP: 77/92 MP: 0/16
 11898 | D:9      | HP: 30/92 [something (7)]
 12504 | D:10     | Found a staircase to the Lair.
 12531 | D:10     | Reached skill level 9 in Conjurations
 12538 | D:10     | Learned a level 6 spell: Starburst
 13296 | Lair:1   | Entered Level 1 of the Lair of Beasts
 13922 | Lair:1   | Gained mutation: You cannot study or use magical devices.
                  | [Ru sacrifice]
 13922 | Lair:1   | Reached **** piety under Ru
 13922 | Lair:1   | Reached ***** piety under Ru
 14148 | Lair:2   | Noticed an eight-headed hydra
 14402 | Lair:2   | Reached skill level 5 in Slings
 14526 | Lair:2   | Noticed an eight-headed hydra
 14599 | Lair:2   | Found a shadowy altar of Dithmenos.
 14605 | Lair:2   | Reached skill level 5 in Spellcasting
 15535 | Lair:2   | Killed an eight-headed hydra
 15536 | Lair:2   | Reached XP level 12. HP: 84/100 MP: 9/21
 16365 | Lair:2   | Killed an eight-headed hydra
 16571 | Lair:3   | Noticed Sonja
 16574 | Lair:3   | Killed Sonja
 16794 | Lair:3   | Noticed Gastronok
 16879 | Lair:3   | Killed Gastronok
 17918 | Lair:3   | Noticed a seven-headed hydra
 17933 | Lair:3   | Killed a seven-headed hydra
 18373 | Lair:2   | Gained mutation: Your magical capacity is low. (-10% MP)
                  | [Ru sacrifice]
 18373 | Lair:2   | Reached ****** piety under Ru
 18379 | Lair:2   | Learned a level 4 spell: Iskenderun's Mystic Blast
 18698 | Lair:2   | Reached XP level 13. HP: 89/105 MP: 1/22
 19033 | Lair:3   | HP: 29/105 [something (12)]
 19703 | Lair:3   | Found an ornate altar of the Wu Jian Council.
 19706 | Lair:3   | Found a hide-covered altar of Uskayaw.
 20184 | Lair:3   | Reached skill level 10 in Conjurations
 20858 | Lair:4   | Found a staircase to the Swamp.
 21219 | Lair:4   | Found a hole to the Spider Nest.
 22313 | Lair:6   | Entered Level 6 of the Lair of Beasts
 22332 | Lair:6   | Found a viscous altar of Jiyva.
 22332 | Lair:6   | Found a staircase to the Slime Pits.
 22413 | Lair:6   | HP: 34/105 [polar bear (6)]
 22724 | Lair:6   | Learned a level 2 spell: Blink
 22797 | Lair:6   | Got the Volume of Snow and the Compass
 23087 | Lair:6   | Reached skill level 11 in Conjurations
 24622 | Lair:5   | HP: 33/105 [death yak (4)]
 24624 | Lair:5   | Reached skill level 10 in Spellcasting
 24896 | Lair:5   | Learned a level 6 spell: Iron Shot
 24945 | Lair:6   | Reached XP level 14. HP: 93/113 MP: 16/25
 25053 | Lair:6   | Reached skill level 1 in Earth Magic
 25060 | Lair:6   | Reached skill level 12 in Conjurations
 26662 | Orc:1    | Entered Level 1 of the Orcish Mines
 26823 | Orc:1    | You fall into a shaft and drop 1 floor!
 26823 | Orc:2    | Entered Level 2 of the Orcish Mines
 28918 | Orc:2    | Reached skill level 5 in Earth Magic
 29396 | Orc:2    | Found a staircase to the Elven Halls.
 29469 | Orc:2    | Reached skill level 13 in Conjurations
 29887 | Orc:2    | Noticed an orc warlord
 29909 | Orc:2    | HP: 37/113 [orc warlord/+5 dire flail of protection (29)]
 29910 | Orc:2    | Killed an orc warlord
 30545 | Orc:2    | Found a roughly hewn altar of Beogh.
 30665 | Orc:2    | Found Dielysa's Antique Weapon Shop.
 30931 | Orc:2    | Found Anty's Antique Weapon Boutique.
 31236 | Orc:2    | Found a roughly hewn altar of Beogh.
 32443 | Orc:2    | Found Bumusoc's Antique Armour Boutique.
 32448 | Orc:2    | Found Zimy's Weapon Shop.
 33731 | D:11     | Reached skill level 14 in Conjurations
 33996 | D:12     | Reached XP level 15. HP: 100/118 MP: 5/26
 34366 | D:12     | Learned a level 7 spell: Spellforged Servitor
 34548 | D:12     | Identified the +0 buckler of Fortification {rPois}
 34934 | D:13     | Reached skill level 1 in Summonings
 36495 | D:13     | Noticed Rupert
 36647 | D:13     | Found a gate to the Vaults.
 37846 | D:13     | Paralysed by Rupert for 7 turns
 37861 | D:13     | Killed Rupert
 38126 | D:13     | Found a runed translucent door.
 38275 | D:13     | HP: 33/118 [yaktaur captain/bolt (33)]
 39751 | D:14     | Found Yro Ros's Magic Scroll Shoppe.
 39792 | D:14     | Bought a scroll of acquirement for 572 gold pieces
 39792 | D:14     | Bought a scroll of blinking for 82 gold pieces
 39792 | D:14     | Bought a scroll of teleportation for 33 gold pieces
 39792 | D:14     | Acquired the +0 cloak of Analysis {+Blink Dex+3}
 40491 | D:15     | Entered Level 15 of the Dungeon
 40534 | D:15     | Reached skill level 15 in Conjurations
 40794 | D:15     | Reached skill level 5 in Summonings
 42036 | D:15     | Reached XP level 16. HP: 72/126 MP: 4/27
 42695 | D:15     | Found a staircase to the Depths.
 42753 | D:15     | HP: 40/126 [minotaur (6)]
 43038 | D:15     | Found the +18 Lear's hauberk
 43384 | D:15     | Identified the +4 dagger of Quck {holy, Will+ Stlth+}
 44027 | Swamp:1  | Entered Level 1 of the Swamp
 44154 | Swamp:1  | Noticed Donald
 44170 | Lair:4   | HP: 39/126 [Donald/+5 scimitar of electrocution (22)]
 44171 | Lair:4   | HP: 16/126 [Donald/+5 scimitar of electrocution (24)]
 44172 | Lair:4   | Killed Donald
 44190 | Lair:4   | HP: 14/113 [cloud of steam (7)]
 44195 | Lair:4   | HP: 1/113 [cloud of steam (15)]
 45058 | Swamp:1  | Noticed Aizul
 45073 | Swamp:1  | HP: 33/115 [Aizul/poison arrow (15)]
 45074 | Swamp:1  | HP: 15/115 [Aizul/bolt of poison (13)]
 45081 | Swamp:1  | Killed Aizul
 45081 | Swamp:1  | HP: 35/109 [poisoned by Aizul (poison arrow)]
 45086 | Swamp:1  | HP: 30/112 [poisoned by Aizul (poison arrow)]
 45542 | Swamp:1  | Found a transporter.
 45652 | Swamp:1  | Found a transporter.
 46255 | Swamp:2  | Noticed Jorgrun
 46652 | Swamp:2  | Noticed a thorn hunter
 46664 | Swamp:2  | Killed a thorn hunter
 47676 | Swamp:2  | You fall into a shaft and drop 1 floor!
 47700 | Swamp:3  | Reached skill level 16 in Conjurations
 47952 | Swamp:3  | Noticed a tentacled monstrosity
 48001 | Swamp:3  | HP: 26/106 [tentacled monstrosity (13)]
 48002 | Swamp:3  | HP: 7/106 [tentacled monstrosity (16)]
 48002 | Swamp:3  | Constricted to death by a tentacled monstrosity

Illustrated notes

Levels and vault maps discovered:
D:1:      dpeg_arrival_tiny_c, layout_basic
D:2:      layout_basic, ebering_ecumenical_altar_abandoned, uniq_terence,
          uniq_natasha
D:3:      layout_basic, general_overflow_altar
D:4:      layout_basic, minmay_temple_entry_metal_lava
D:5:      cheibrodos_quashed, layout_cave_pools, makhleb_altar_promises_db,
          serial_column_ruins, column_ruins_open_small,
          column_ruins_open_medium, column_ruins_columns_dead_end,
          column_ruins_open_tiny_water, column_ruins_columns_corner
D:6:      due_chaos_kobolds, layout_basic, nicolae_overflow_crystal_walls,
          fedhas_altar_2, mainiacjoe_overflow_small_starburst,
          grunt_temple_overflow_open, mainiacjoe_overflow_alcove_4, uniq_pikel
D:7:      cheibrodos_iron_armory, layout_loops_corners,
          nicolae_concentric_dashed_squares_mild
D:8:      layout_rooms, kennysheep_mini_moat, grunt_tough_drop
D:9:      layout_basic, nicolae_overflow_hidden_temple,
          nicolae_yredelemnul_corpse_copse, zombieorc2_lemuel
D:10:     layout_grid_maze, david_lair_generic, serial_glass, glass_columns_b,
          glass_columns_b, glass_columns_b, glass_columns_a, glass_columns_b,
          glass_columns_a, uniq_urug
D:11:     layout_gridville
D:12:     layout_cave_pools, lemuel_nasty_fountain
D:13:     layout_cave_pools, david_vaults_3, minmay_hidden_floor
D:14:     layout_roguey, serial_shops, nicolae_stop_n_shop_1,
          kennysheep_cross_room
D:15:     gammafunk_enter_depths_forms, layout_basic,
          hellmonk_guarded_unrand_lears
Temple:   nicolae_temple_figure_zero
Lair:1:   layout_regular_city, nicolae_quartered_pool_impasse
Lair:2:   layout_small_grid, basic_altar
Lair:3:   layout_roguey [special_room_bee], st_stairs_6,
          nzn_masters_of_martial_movement, uniq_gastronok, uniq_sonja
Lair:4:   layout_misc_corridors, minmay_swamp_entry_worms,
          spider_nest_entry_web_field, serial_bayou_shore_a
Lair:5:   layout_regular_city
Lair:6:   evilmike_catoblepas_cave, layout_long_grid, slime_altar_1,
          minivault_24, serial_bayou_shore_b
Swamp:1:  gammafunk_worm_tunnel, layout_basic_swamp, serial_swamp_ruin,
          evilmike_swamp_ruin_rubble_2, evilmike_swamp_ruin_house_5,
          evilmike_swamp_ruin_rubble_1, nicolae_swamp_wisp_ring_woods,
          infiniplex_staircase_pool, uniq_aizul, uniq_donald
Swamp:2:  layout_falls_marsh, evilmike_swamp_ruin_house_3, uniq_jorgrun
Swamp:3:  layout_basic_swamp, nicolae_swamp_godswood, swamp_pool3
Orc:1:    layout_caves
Orc:2:    pubby_orc_utopia

Skill      XL: |  1  2  3  4  5  6  7  8  9 10 11 12 13 14 15 16 |
---------------+-------------------------------------------------+-----
Fire Magic     | 4 5 6 7 8 9 10 11 | 11.5
Conjurations   | 2 3 4 5 6 7 8 9 11 14 15 16 | 16.0
Fighting       | 1 4 6 7 |  7.2
Armour         | 1 3 5 6 |  6.3
Stealth        | 0 |  0.0
Spellcasting   | 3 6 8 10 11 | 11.6
Slings         | 3 6 9 |  9.3
Earth Magic    | 7 9 |  9.0
Summonings     | 5 7 |  7.8
Dodging        | |  1.5

Action                   |  1- 3 |  4- 6 |  7- 9 | 10-12 | 13-15 | 16-18 || total
-------------------------+-------+-------+-------+-------+-------+-------++-------
Melee: Unarmed           |     8 |       |       |       |       |       ||     8
       Dagger            |     1 |     4 |       |       |       |       ||     5
       Hunting sling     |       |       |     1 |     2 |     3 |       ||     6
 Fire: Hunting sling     |       |    50 |   132 |   300 |  1063 |   111 ||  1656
Throw: Dart              |       |       |       |       |       |     2 ||     2
 Cast: Foxfire           |    43 |    12 |     1 |    23 |    56 |     1 ||   136
       Scorch            |     5 |    19 |    50 |   155 |   146 |    12 ||   387
       Flame Wave        |       |       |     2 |    39 |    83 |     7 ||   131
       Iskenderun's Myst |       |       |       |       |    18 |       ||    18
       Starburst         |       |       |       |       |    18 |       ||    18
       Blink             |       |       |       |       |     2 |       ||     2
       Iron Shot         |       |       |       |       |   115 |    75 ||   190
Invok: Sacrifice Stealth |       |       |     1 |       |       |       ||     1
       Sacrifice a Hand  |       |       |       |     1 |       |       ||     1
       Sacrifice Artific |       |       |       |     1 |       |       ||     1
       Sacrifice Essence |       |       |       |     1 |       |       ||     1
       Power Leap        |       |       |       |       |     5 |       ||     5
       Draw Out Power    |       |       |       |       |       |     2 ||     2
       Apocalypse        |       |       |       |       |       |     2 ||     2
  Use: Scroll            |       |     3 |     5 |    10 |    10 |     1 ||    29
       Potion            |       |       |       |       |     3 |     3 ||     6
Armor: Robe              |     4 |     8 |     1 |       |    37 |    19 ||    69
       Steam dragon scal |       |       |    44 |   119 |    51 |       ||   214
Dodge: Dodged            |    19 |    20 |    52 |   223 |   270 |    76 ||   660
